 Dungeon Crawl Stone Soup version bcrawl-1.27.6 (webtiles) character file.

Game seed: 11624232762845136639

90563 Faustar the Ducker (level 2, 0/16 HPs)
             Began as a Felid Abyssal Knight on Sept 9, 2020.
             Was a Follower of Lugonu.
             Slain by a hobgoblin
             ... wielding a +0 club
              (5 damage)
             ... on level 1 of the Dungeon.
             The game lasted 00:01:08 (615 turns).

Faustar the Ducker (Felid Abyssal Knight)            Turns: 615, Time: 00:01:08

Health: 0/16       AC:  1    Str:  8    XL:     2   Next: 37%
Magic:  4/4        EV: 18    Int: 13    God:    Lugonu [*.....]
Gold:   49         SH:  0    Dex: 15    Spells: 1/1 levels left
                                        Lives:  0   Deaths: 0

rFire    . . .     SeeInvis +     - Teeth and claws (7.1)
rCold    . . .     Gourm    .   (shield unavailable)
rNeg     . . .     Faith    .   (armour unavailable)
rPois    .         Spirit   .   (helmet unavailable)
rElec    .         Reflect  .   (cloak restricted)
rCorr    .         Harm     .   (gloves unavailable)
MR       .....                  (boots unavailable)
Stlth    ++........             (no amulet)
HPRegen  0.05/turn              (no ring)
MPRegen  0.09/turn              (no ring)

@: quick
A: very small, no armour, no weapons or thrown items, stealth, claws 1, fangs 3,
see invisible, carnivore, speed 1, shaggy fur 1, slow metabolism 1, sharp paws
a: Depart the Abyss, Bend Space, Renounce Religion


You were on level 1 of the Dungeon.
You worshipped Lugonu.
Lugonu was aware of your devotion.
You were very full.

You visited 1 branch of the dungeon, and saw 1 of its levels.

You collected 49 gold pieces.

Inventory:

Scrolls
 a - 2 scrolls of enchant weapon {unknown}
 c - a scroll of magic mapping {unknown}
 d - a scroll of fog {unknown}
 f - a scroll of teleportation {unknown}
 g - 3 scrolls of identify
Potions
 b - a potion of might {unknown}
 h - a potion of degeneration {unknown}
Comestibles
 e - 5 rations {!d}


   Skills:
 + Level 3.3 Fighting
 + Level 3.3 Dodging
 + Level 0.4 Stealth
 + Level 2.6 Unarmed Combat
 + Level 2.3 Invocations


You had one spell level left.
You didn't know any spells.
Your spell library was empty.

Dungeon Overview and Level Annotations

Branches:
Dungeon (1/12)

Altars:
The Shining One


Innate Abilities, Weirdness & Mutations

You cannot wear almost all types of armour.
You are incapable of wielding weapons or throwing items.
Your paws allow you to move quietly. (Stealth)
You have sharp claws.
You have razor-sharp teeth.
You have supernaturally acute eyesight. (SInv)
You are carnivorous and can eat meat at any time.
You cover ground quickly.
You are covered in fur. (AC +1)
You have a slow metabolism.
Your sharp claws are effective at attacking unaware monsters.


Message History

You barely miss the hobgoblin.
The hobgoblin is severely wounded.
You scratch the hobgoblin.
The hobgoblin is almost dead.
The hobgoblin misses you.
You closely miss the hobgoblin.
The hobgoblin is almost dead.
The hobgoblin closely misses you.
You closely miss the hobgoblin.
The hobgoblin is almost dead.
The hobgoblin misses you.
You scratch the hobgoblin but do no damage.
The hobgoblin is almost dead.
The hobgoblin hits you with a +0 club.
You scratch the hobgoblin but do no damage.
The hobgoblin is almost dead.
You barely miss the hobgoblin.
The hobgoblin is almost dead.
The hobgoblin hits you with a +0 club.
You die...

#.#.....# ..g.
#.#.##..# ..#
#######
#.#.##.g######.##?#
......#
#.#g##...w.wg†....#
#####.#
#.#.###.####...####
#.# #.#.###.. #.#.#
#.# ##.#...##..
..### ###.#
##..g####
+###+####### ##(#.#
#..#.@.# #.....
##....######.###...#
+..>..
..............#....#
#.....
##....#######......#
###'## ##.#.#
##....# ##'##
#####.#### #.##.#
#...# #........# #.#
.# #.<.# #.###.##.#
#. .. +...# #.#
#..#.# #####


You could see a hobgoblin.

Vanquished Creatures
  A leopard gecko (D:1)
  3 bats (D:1)
  3 goblins (D:1)
  3 hobgoblins (D:1)
  A frilled lizard (D:1)
  2 kobolds (D:1)
13 creatures vanquished.

Notes
Turn   | Place    | Note
-------+----------+-------------------------------------------
     0 | D:1      | Faustar the Felid Abyssal Knight began the quest for the
                  | Orb.
     0 | D:1      | Reached XP level 1. HP: 12/12 MP: 3/3
    69 | D:1      | Found a glowing golden altar of the Shining One.
   523 | D:1      | Reached XP level 2. HP: 16/16 MP: 4/4
   615 | D:1      | Slain by a hobgoblin

Action                   || total
-------------------------++-------
Melee: Unarmed           ||    46
       Bite              ||     5
 Stab: Sleeping          ||     3
  Eat: Chunk             ||     5
Armor: Skin              ||     2
Dodge: Dodged            ||    41
